 Dungeon Crawl Stone Soup version 0.29-a0-317-gd16b76e6b1 (webtiles) character file.

Game seed: 6624606309923706264

173 Ajdolov the Ruffian (level 5, -2/47 HPs)
             Began as a Ghoul Cinder Acolyte on Mar 30, 2022.
             Was a High Priest of Ignis.
             Slain by Edmund
             ... wielding a +4 vorpal dire flail
              (8 damage)
             ... on level 4 of the Dungeon.
             The game lasted 00:03:44 (2638 turns).

Ajdolov the Ruffian (Ghoul Cinder Acolyte)          Turns: 2638, Time: 00:03:45

Health: -2/47      AC:  9    Str: 20    XL:     5   Next: 53%
Magic:  5/5        EV:  7    Int:  9    God:    Ignis [*****.]
Gold:   131        SH:  0    Dex:  4    Spells: 6/6 levels left

rFire   + . .      SeeInvis .     - Unarmed
rCold   + . .      Faith    .   (no shield)
rNeg    + + +      Spirit   .   n - +0 chain mail
rPois   ∞          Reflect  .   (no helmet)
rElec   .          Harm     .   (no cloak)
rCorr   .          Rampage  .   o - +0 pair of gloves
Will    .....                   (no boots)
Stlth   ..........              (no amulet)
HPRegen 0.00/turn               b - ring of flight
MPRegen 0.09/turn               (no ring)

@: flying, inhibited regen
A: claws 1, cold resistance 1, negative energy resistance 3, inhibited
regeneration, torment resistance 2, devour on kill
a: Renounce Religion, Fiery Armour, Foxfire Swarm, Rising Flame


You were on level 4 of the Dungeon.
You worshipped Ignis.
Ignis was extremely pleased with you.
You visited 1 branch of the dungeon, and saw 4 of its levels.

You collected 131 gold pieces.

Inventory:

Armour
 n - a +0 chain mail (worn)
 o - a +0 pair of gloves (worn)
Jewellery
 b - a ring of flight (left hand)
 j - a ring of ice
Scrolls
 a - 3 scrolls of identify {unknown}
 g - a scroll of teleportation {unknown}
 h - a scroll of enchant armour {unknown}
 i - a scroll of noise {unknown}
 l - 2 scrolls of fog {unknown}
 m - a scroll of vulnerability {unknown}
 p - a scroll of torment {unknown}
 q - a scroll of immolation {unknown}
Potions
 c - a potion of lignification {unknown}
 d - 2 potions of curing {unknown}
 e - a potion of ambrosia {unknown}
 f - 2 potions of heal wounds {unknown}
 k - a potion of cancellation {unknown}


   Skills:
 + Level 4.6 Fighting
 * Level 5.7 Unarmed Combat
 - Level 1.0 Spellcasting
 - Level 2.4 Fire Magic


You had 6 spell levels left.
You didn't know any spells.
Your spell library contained the following spells:

 Spells                   Type           Power      Damage    Failure   Level
 Scorch                   Fire           8%         2d5       95%         2
 Petrify                  Tmut/Erth      0%         N/A       100%        4
 Irradiate                Conj/Tmut      0%         3d13      100%        5
 Sublimation of Blood     Necr           Unusable   N/A       N/A         2

Dungeon Overview and Level Annotations

Branches:
Dungeon (4/15)
 Temple: D:4-7

Altars:

Annotations:
D:4 Edmund


Innate Abilities, Weirdness & Mutations

You are immune to poison.
You have sharp fingernails.
Your flesh is cold resistant. (rC+)
You are immune to negative energy. (rN+++)
You do not regenerate when monsters are visible.
You are immune to unholy pain and torment.
You thrive by killing the living.


Message History

No target in view!
No target in view!
HP restored.
Things that are here:
a +0 dagger; an orc corpse
Things that are here:
a +0 trident; a +0 leather armour; an orc corpse
Things that are here:
a +0 club; an orc corpse You reach down and open the door.
A gnoll, Edmund and an adder come into view.
Edmund is wielding a +4 vorpal dire flail.
The gnoll shouts!
Edmund shouts!
The adder hisses angrily.
A kobold comes into view. It is wielding a +0 dagger.
You reach down and close the door.
Edmund breaks down the door.
Press: ? - help, v - describe, . - travel
Here: Edmund, wielding a +4 vorpal dire flail and wearing a +0 chain mail A broken door.
The adder bites you but does no damage. The adder barely misses you.
Edmund hits you with a +4 vorpal dire flail.
The adder bites you. Edmund attacks as you move away! Edmund barely misses you.
Edmund attacks as you move away!
Edmund hits you with a +4 vorpal dire flail.
You barely miss Edmund.
Edmund hits you with a +4 vorpal dire flail!
You hit Edmund but do no damage. Edmund barely misses you.
You aren't carrying any items that you can evoke.
Unknown command.
Edmund says, "You wouldn't believe how much I paid for this flail."
Edmund attacks as you move away!
Edmund hits you with a +4 vorpal dire flail.
Edmund attacks as you move away!
Edmund hits you with a +4 vorpal dire flail!
* * * LOW HITPOINT WARNING * * *
x2 Edmund attacks as you move away!
Edmund hits you with a +4 vorpal dire flail!
You die...

...)).# #.####.##### #.#
###.#.# #..........# #.#
#.#.# #..###.###.# #.#
#.#.#####.## #.###.###.#
#.........# #g........#
########.## #.###.###.# #.#
#S# #.# #.# #'# #@# #.# #.#
... #@# #.# #.# ..... #.#
#.###.# g...... #.###.....#
.≈.......#.##..<#..#######
.K≈......S+................
≈≈≈........####†..#.########
##.##.# ####.# #.#


You could see Edmund, a gnoll and an adder.

Vanquished Creatures
  A necrophage (D:3)
  5 adders
  2 dart slugs
  6 orcs
  6 ball pythons
  8 endoplasms
  3 giant cockroaches
  6 hobgoblins
  2 quokkas
  3 bats
  2 frilled lizards
  5 goblins
  4 kobolds
  3 rats
56 creatures vanquished.

Notes
Turn   | Place    | Note
-------+----------+-------------------------------------------
     0 | D:1      | Ajdolov the Ghoul Cinder Acolyte began the quest for the
                  | Orb.
     0 | D:1      | Reached XP level 1. HP: 19/19 MP: 1/1
   289 | D:1      | Found a faded altar of an unknown god.
   308 | D:1      | Reached XP level 2. HP: 25/26 MP: 2/2
   597 | D:1      | Reached skill level 4 in Unarmed Combat
  1070 | D:2      | Reached XP level 3. HP: 33/33 MP: 3/3
  1816 | D:3      | Reached XP level 4. HP: 33/40 MP: 4/4
  1965 | D:3      | Reached skill level 5 in Unarmed Combat
  1966 | D:3      | Noticed a necrophage
  1978 | D:3      | Killed a necrophage
  1979 | D:3      | Reached XP level 5. HP: 42/47 MP: 5/5
  2615 | D:4      | Noticed Edmund
  2638 | D:4      | Slain by Edmund

Illustrated notes

Levels and vault maps discovered:
D:1:      dpeg_arrival_line_fractal, layout_loops_ring, basic_ecumenical_altar
D:2:      layout_loops_corners
D:3:      layout_basic, minmay_misc_feat_alley
D:4:      layout_loops_corners, xom_confusion_cloud,
          gammafunk_ghost_nasty_kobolds, minmay_misc_feat_encased, uniq_edmund

Skill      XL: |  1  2  3  4 |
---------------+-------------+-----
Unarmed Combat | 4 5 |  5.7
Fighting       | 4 |  4.6
Spellcasting   | |  1.0
Fire Magic     | |  2.4

Action                   |  1- 3 |  4- 6 || total
-------------------------+-------+-------++-------
Melee: Unarmed           |   110 |    67 ||   177
       Punch             |     3 |       ||     3
Armor: Robe              |    22 |       ||    22
       Leather armour    |    19 |       ||    19
       Chain mail        |     4 |    38 ||    42
Dodge: Dodged            |    46 |    15 ||    61

Table legend: (Time is in decaauts)
 A = Elapsed time spent in this place.
 B = Non-inter-level travel time spent in this place.
 C = Inter-level travel time spent in this place.
 D = Time resting spent in this place.
 E = Time spent auto-exploring this place.
 F = Levels seen in this place.
 G = Mean time per level.
                   A        B        C        D        E       F      G
               +--------+--------+--------+--------+--------+-----+--------+
         Total |   2621 |   2511 |    110 |      0 |   2091 |   4 |  655.2 |
       Dungeon |   2621 |   2511 |    110 |      0 |   2091 |   4 |  655.2 |
               +--------+--------+--------+--------+--------+-----+--------+

Top non-repeatable levels by time:
     D:1: 936 daAuts
     D:2: 859 daAuts
     D:3: 687 daAuts
     D:4: 137 daAuts
